Map: Multiprocesador EE

Players

MrFercho - Winner!

  • Race: Terran Terran
  • Spawn Location: 9:00

tigro

  • Race: Terran Terran
  • Spawn Location: 5:00

VOD

Have the link to the VOD?

Description

Time

  • Played on: Sept. 1, 2019, 9:49 p.m.
  • Length: 20:14
Show
View Real Time Build Order
Export as new Build Order

MrFercho Terran - Winner!

Build Orders:  

Get SALT Encoding   

  12  0:04  SCV  
  13  0:25  SCV  
  13  0:27  Supply Depot  
  14  0:36  Refinery  
  14  0:40  SCV  
  15  0:52  SCV  
  15  0:54  Barracks  
  16  1:04  SCV  
  17  1:10  Refinery  
  17  1:16  SCV  
  18  1:22  Barracks  
  18  1:28  SCV  
  19  1:43  Engineering Bay  
  19  1:49  Engineering Bay  
  19  1:51  SCV  
  21  2:01  Reaper  
  21  2:03  SCV  
  22  2:10  Reaper  
  23  2:27  Supply Depot  
  23  2:44  Supply Depot  
  23  2:46  Supply Depot  
  23  2:49  SCV  
  24  2:55  Barracks Tech Lab x2  
  24  3:02  Orbital Command  
  22  3:59  SCV  
  23  4:05  Marauder x2  
  27  4:11  SCV  
  28  4:23  SCV  
  29  4:26  Command Center, Marine x2  
  31  4:34  Refinery  
  31  4:44  Marine x2  
  33  4:48  Factory  
  33  5:02  Marine x2  
  33  5:05  Factory  
  35  5:19  Marine x2  
  37  5:24  Sensor Tower  
  37  5:25  Terran Infantry Armor Level 1, Terran Infantry Weapons Level 1  
  37  5:31  SCV  
  38  5:43  Supply Depot  
  38  5:44  SCV  
  39  5:55  Factory Tech Lab x2  
  39  5:56  SCV  
  40  6:07  Supply Depot  
  40  6:08  SCV  
  41  6:13  Armory  
  41  6:20  SCV  
  41  6:24  SCV  
  43  6:32  SCV  
  44  6:36  SCV, Siege Tank  
  48  6:44  SCV  
  49  7:01  Armory  
  44  7:49  Armory  
  40  8:30  Thor x2  
  52  8:37  Marauder x2  
  56  8:43  SCV x2  
  58  8:52  Refinery  
  58  8:55  SCV  
  58  8:56  SCV  
  58  8:58  Marine x2  
  58  8:59  Terran Infantry Weapons Level 2  
  58  9:00  Terran Infantry Armor Level 2  
  61  9:03  Combat Shield  
  61  9:04  Concussive Shells  
  61  9:08  SCV x2  
  61  9:09  Smart Servos  
  61  9:13  Siege Tank x2  
  61  9:14  Infernal Pre-Igniter  
  61  9:15  Marine  
  61  9:16  Marine  
  69  9:19  Terran Vehicle Weapons Level 1  
  69  9:20  SCV  
  70  9:33  Marine  
  70  9:34  Marine  
  72  9:43  Command Center  
  72  9:53  SCV  
  72  9:54  Refinery, SCV  
  72  9:57  Refinery  
  74  10:05  SCV  
  74  10:06  SCV  
  76  10:18  SCV x2  
  78  10:27  Starport  
  78  10:28  Drilling Claws  
  78  10:29  Starport  
  78  10:30  Starport  
  78  10:42  SCV x2  
  80  10:54  SCV x2  
  66  13:06  Hellion x2  
  70  13:15  Marine x2  
  72  13:27  Hellion x2  
  72  13:33  Marine x2  
  78  13:49  Hellion x2  
  78  13:50  Marine  
  78  13:51  Marine  
  75  14:08  Marine x2  
  71  14:10  Hellion x2  
  71  14:11  Mag-Field Accelerator  
  71  14:14  Stimpack  
  75  14:18  Terran Infantry Weapons Level 3  
  75  14:19  Terran Infantry Armor Level 3  
  75  14:22  Terran Ship Weapons Level 1, Terran Vehicle Weapons Level 2, Terran Vehicle And Ship Armor Level 1  
  75  14:26  Marine x2  
  77  14:31  Hellion  
  77  14:32  Hellion  
  71  15:32  Starport Tech Lab x3  
  69  16:06  Banshee  
  69  16:07  Banshee x2  
  78  16:13  Cloaking Field  
  78  16:16  Hyperflight Rotors  
  78  16:19  Rapid Reignition System  
  78  16:49  Banshee x2  
  78  16:50  Banshee  
  69  17:16  Corvid Reactor  
  69  17:32  Banshee x3  
  78  18:15  Banshee x3  
  87  18:23  Command Center  
  87  18:25  Refinery  
  87  18:27  Refinery  
  84  18:58  Banshee x3  
Show
View Real Time Build Order
Export as new Build Order

tigro Terran 

Build Orders:  

Get SALT Encoding   

  12  0:05  SCV  
  13  0:17  SCV  
  14  0:25  Supply Depot  
  14  0:29  SCV  
  15  0:40  Refinery  
  15  0:46  SCV  
  15  0:49  Refinery  
  16  1:05  SCV  
  16  1:08  Barracks  
  17  1:17  SCV  
  18  1:29  SCV  
  19  1:41  SCV  
  20  1:53  SCV  
  21  1:57  Barracks  
  21  2:05  Supply Depot, SCV  
  21  2:07  Marine  
  23  2:27  Marine, Orbital Command  
  24  2:45  Marine  
  25  3:02  Marine  
  25  3:03  Command Center  
  26  3:10  Barracks Tech Lab  
  26  3:20  Marine  
  20  4:07  Barracks Tech Lab  
  20  4:11  Reaper  
  21  4:23  SCV  
  22  4:35  SCV  
  23  4:43  Reaper  
  24  4:47  SCV x2  
  26  4:53  Engineering Bay  
  26  4:57  Combat Shield  
  26  4:59  SCV x2  
  28  5:11  SCV  
  28  5:12  SCV  
  30  5:15  Reaper  
  31  5:23  Terran Infantry Weapons Level 1  
  31  5:24  SCV  
  32  5:36  SCV, Refinery  
  33  5:44  Refinery  
  33  5:47  Reaper  
  33  5:48  Planetary Fortress  
  34  6:01  Factory  
  34  6:19  Reaper  
  34  6:24  Marauder  
  37  6:35  Supply Depot  
  37  6:45  Marauder  
  39  6:57  Factory Tech Lab  
  35  7:02  Missile Turret  
  35  7:07  Marauder  
  35  7:08  Marine  
  29  7:17  Terran Infantry Armor Level 1  
  29  7:21  Hellion  
  31  7:26  Marine  
  31  7:28  Marauder  
  31  7:43  Hellion  
  34  7:49  Marine  
  31  8:00  Infernal Pre-Igniter  
  31  8:04  Hellion  
  30  8:25  Hellion  
  26  8:47  Hellion  
  22  8:56  Barracks  
  21  9:08  Hellion  
  23  9:11  Neosteel Armor  
  23  9:19  Mag-Field Accelerator  
  23  9:26  SCV  
  24  9:36  Siege Tank  
  27  9:38  SCV  
  28  9:47  Barracks  
  28  9:51  SCV  
  29  9:56  Barracks Tech Lab  
  29  10:03  SCV  
  30  10:08  Siege Tank  
  33  10:15  SCV  
  34  10:24  Marine  
  34  10:27  SCV  
  36  10:40  Siege Tank  
  36  10:42  Marine  
  40  10:45  Barracks Tech Lab  
  40  10:51  Hi-Sec Auto Tracking  
  40  11:00  Marine  
  41  11:08  Armory  
  35  11:12  Siege Tank  
  35  11:17  Marine  
  23  11:45  Siege Tank  
  19  11:56  Missile Turret  
  4  12:42  SCV  
  5  12:54  Barracks  
  5  12:55  SCV  
  6  13:07  SCV  
  7  13:15  Barracks  
  7  13:19  SCV  
  7  13:31  SCV  
  7  13:43  Marine, SCV  
  7  13:46  Supply Depot  
  8  13:55  SCV  
  9  14:07  SCV  
  9  14:09  Barracks Tech Lab  
  10  14:19  Barracks, SCV  
  11  14:24  Engineering Bay  
  11  14:33  Refinery  
  11  14:36  SCV  
  12  14:40  Marine  
  13  14:48  SCV  
  14  14:53  Barracks  
  14  14:57  Marine  
  13  15:00  SCV  
  13  15:12  SCV  
  14  15:15  Marine  
  15  15:24  SCV  
  15  15:33  Marine  
  16  15:47  Barracks Tech Lab  
  15  15:51  Marine  
  14  16:09  Marine  
  13  16:17  Marine  
  13  16:21  Stimpack  
  12  16:27  Marine  
  13  16:35  Marine  
  13  16:44  Marine  
  14  16:53  Marine  
  13  17:02  Marine  
  14  17:11  Marine, SCV  
  16  17:20  Marine  
  17  17:23  SCV  
  17  17:29  Marine  
  19  17:35  SCV  
  20  17:38  Marine  
  21  17:46  Marine  
  21  17:47  SCV, Missile Turret  
  23  18:01  Concussive Shells  
  23  18:13  Supply Depot  
  23  18:17  Marine  
  23  18:18  SCV  
  23  18:19  Marine  
  23  18:27  Missile Turret  
  16  18:35  Marine  
  16  18:36  Marine  
  15  18:44  Missile Turret  
  14  18:52  Marine  
  14  18:54  Marine  
  5  19:10  Marine  
Tags
 
Matchup
TvT
Race
Terran
Replay Pack
MrFercho
Spawn Locations
Cross Positions
Add a new tag
Caveats
  • Supply blocks, unpowered buildings, or Contaminate may cause inaccurate times.
  • Supply counts are checked every 10 seconds.